cohdb
Replays
Latest Replays
All Replays
Popular Replays
Top Player Replays
Match Explorer
How It Works
Community
CoH3 Stats
Reddit
Sign in to upload your games and track your stats! →
Sign in with Steam
Match 44192403
Unlisted
Match 44192403
Overview
Messages
Build Orders
End
Panzergrenadier Squad
Selects Battlefield Espionage Battlegroup
Panzergrenadier Squad
Panzergrenadier Squad
Construct Light Support Kompanie
2.5-tonne Medical Truck
Selects Intel Disruption Beacon
Fire Support Elements
Assault Mechanized Group
Pak 38 Anti-tank Gun Team
Flakvierling Half-track
Selects Plunder
Construct Panzerarmee Kommand
Veteran Squad Leaders
Plaka
Begbie
Symbiosis
CAuMOH
0
0
Comments
sign in to comment!
No comments posted yet!